 Dungeon Crawl Stone Soup version 0.21.1-1-g345015f (webtiles) character file.

15381 snha the Severer (level 12, -4/111 HPs)
             Began as a Minotaur Berserker on May 26, 2018.
             Was an Elder of Trog.
             Slain by leafyfresh's ghost (11 damage)
             ... on level 2 of the Lair of Beasts.
             The game lasted 00:17:28 (11973 turns).

snha the Severer (Minotaur Berserker)              Turns: 11973, Time: 00:17:30

Health: -4/111     AC: 16    Str: 26    XL:     12   Next: 0%
Magic:  11/11      EV:  8    Int:  4    God:    Trog [****..]
Gold:   659        SH:  0    Dex: 11    Spells: 11/11 levels left

rFire    . . .     SeeInvis .   L - +0 war axe (chop)
rCold    . . .     Gourm    .   (no shield)
rNeg     . . .     Faith    .   x - +0 plate armour
rPois    .         Spirit   .   (helmet restricted)
rElec    .         Reflect  .   (no cloak)
rCorr    .         Harm     .   j - +0 pair of gloves
MR       .....                  (no boots)
Stlth    ..........             (no amulet)
HPRegen  0.28/turn              (no ring)
MPRegen  0.12/turn              (no ring)

@: berserk cooldown, slowed, very slow
A: retaliatory headbutt, horns 2
a: Berserk, Trog's Hand, Brothers in Arms, Burn Spellbooks, Renounce Religion


You were on level 2 of the Lair of Beasts.
You worshipped Trog.
Trog was greatly pleased with you.
You were very hungry.

You visited 2 branches of the dungeon, and saw 13 of its levels.

You collected 834 gold pieces.
You spent 175 gold pieces at shops.

Inventory:

Hand Weapons
 a - a +0 hand axe
 C - a +0 war axe
 E - a +0 battleaxe
 L - a +0 war axe of chopping (weapon)
Missiles
 A - 6 javelins (quivered)
 H - 2 silver javelins
Armour
 j - a +0 pair of gloves (worn)
 x - a +0 plate armour (worn)
Jewellery
 e - an uncursed ring of flight {unknown}
 f - an uncursed amulet of regeneration {unknown}
 w - an uncursed ring of wizardry {unknown}
 y - an uncursed amulet of magic regeneration {unknown}
 z - a cursed ring of teleportation {unknown}
Wands
 B - a wand of iceblast (28)
 G - a wand of polymorph (11)
 J - a wand of paralysis (7)
 K - a wand of acid (14)
 S - a wand of enslavement (17)
Scrolls
 b - 4 scrolls of magic mapping {unknown}
 g - 5 scrolls of identify {unknown}
 i - 2 scrolls of fog {unknown}
 n - 3 scrolls of blinking {unknown}
 o - 8 scrolls of teleportation {unknown}
 u - 3 scrolls of immolation {unknown}
 v - a scroll of amnesia {unknown}
 M - a scroll of enchant armour {unknown}
 P - a scroll of noise {unknown}
 Q - a scroll of silence {unknown}
Potions
 d - a potion of might {unknown}
 h - 6 potions of curing {unknown}
 k - 5 potions of invisibility {unknown}
 l - a potion of degeneration {unknown}
 m - 2 potions of berserk rage {unknown}
 q - a potion of heal wounds {unknown}
 r - 2 potions of brilliance {unknown}
 s - a potion of flight {unknown}
 t - 6 potions of agility
 D - a potion of lignification {unknown}
 F - 2 potions of haste {unknown}
 I - 2 potions of magic {unknown}
 R - a potion of ambrosia {unknown}
Books
 N - a book of Cantrips

   Spells                             Type                      Level
   a - Confusing Touch                Hexes                        1
   b - Animate Skeleton               Necromancy                   1
   c - Summon Small Mammal            Summoning                    1
   d - Apportation                    Translocation                1
   Trog disapproves of the use of such an item.
Comestibles
 c - 23 rations
 O - 5 chunks of flesh


   Skills:
 + Level 11.7 Fighting
 - Level 16.4 Axes
 + Level 11.4 Armour
 - Level 2.1 Dodging


You had 11 spell levels left.
You didn't know any spells.

Dungeon Overview and Level Annotations

Branches:
Dungeon (11/15)            Temple (0/1) D:6            Lair (2/6) D:9
  Swamp: Lair:2-4    Shoals: Lair:2-4     Snake: Lair:2-4    Spider: Lair:2-4
    Orc: D:9-12

Altars:
Dithmenos
Nemelex Xobeh
Qazlal
Vehumet
The Shining One
Beogh

Shops:
D:6 :   D:7 *

Annotations:
Lair:2 leafyfresh's ghost, journeyman MfTm


Innate Abilities, Weirdness & Mutations

You reflexively headbutt those who attack you in melee.
You have a pair of horns on your head.


Message History

Leafyfresh's ghost is almost destroyed.
You slice the komodo dragon!!
Your ogre completely misses leafyfresh's ghost.
Your ogre closely misses leafyfresh's ghost.
Leafyfresh's ghost hits you!
* * * LOW HITPOINT WARNING * * *
The komodo dragon bites you!!
* * * LOW HITPOINT WARNING * * *
As you read the scroll labeled VUFUDI ATTE, it crumbles to dust.
You feel blessed for a moment.
It was a scroll of remove curse.
Your ogre completely misses leafyfresh's ghost.
Leafyfresh's ghost hits you but does no damage.
The komodo dragon bites you but does no damage.
Your ogre barely misses leafyfresh's ghost.
The komodo dragon bites you but does no damage.
Your ogre hits leafyfresh's ghost with a giant club.
The komodo dragon bites you!
* * * LOW HITPOINT WARNING * * *
Leafyfresh's ghost hits you!
You die...

........ #.. ...#
$.#...## .$....## #.
### .#....#...
###P.##........
......O.†.P# #.
#P..W...# #..
##..@l### ...#
##..#.##
#...######P..#.##.#
#.#(#...#.........#
##...............#.#
##....#..#..###.#.#
##.#.................
..[....#....###P.#.#⌠.
..#. ###.## ##....


You could see a komodo dragon, leafyfresh's ghost and a friendly ogre (berserk).

Vanquished Creatures
  A centaur warrior (D:10)
  5 two-headed ogres
  Nergalle (Lair:1)
  An ugly thing (D:11)
  A centaur zombie (D:11)
  A gargoyle (D:11)
  4 spiny frogs
  3 komodo dragons
  5 hippogriffs
  5 yaks
  Sigmund (D:4)
  A basilisk (Lair:2)
  A steam dragon (D:10)
  A hungry ghost (D:10)
  3 porcupines
  2 water moccasins (Lair:1)
  2 ice beasts
  3 sky beasts
  A phantom (D:6)
  7 orc warriors
  A black bear (D:7)
  2 centaurs
  11 ogres
  A crocodile (Lair:1)
  5 bullfrogs
  A gnoll sergeant (D:9)
  2 scorpions (D:8)
  8 wights
  11 killer bees
  3 crimson imps
  A bullfrog zombie (D:5)
  A quasit (D:8)
  3 hounds
  5 jellies (D:10)
  4 bullfrog skeletons
  6 orc priests
  An iguana (D:10)
  Ijyb (D:5)
  3 worker ants
  7 orc wizards
  2 hound zombies
  A worker ant zombie (D:7)
  Robin (D:4)
  10 gnolls
  10 adders
  2 shadow imps
  5 oozes (D:10)
  An adder zombie (D:7)
  An adder skeleton (D:2)
  A worm (D:5)
  3 dart slugs
  3 leopard geckos
  60 orcs
  7 giant cockroaches
  6 hobgoblins
  9 jackals
  3 quokkas
  A ball python (D:1)
  3 bats
  29 goblins
  7 kobolds
  A quokka zombie (D:8)
  12 rats
  2 fungi (Lair:2)
306 creatures vanquished.

Vanquished Creatures (collateral kills)
  A hydra (Lair:1)
1 creature vanquished.

Vanquished Creatures (others)
  2 fungi (Lair:2)
  A plant (D:6)
3 creatures vanquished.

Grand Total: 310 creatures vanquished

Notes
Turn   | Place    | Note
-------+----------+-------------------------------------------
     0 | D:1      | snha the Minotaur Berserker began the quest for the Orb.
     0 | D:1      | Reached XP level 1. HP: 19/19 MP: 0/0
   233 | D:1      | Reached skill level 4 in Axes
   477 | D:1      | Reached XP level 2. HP: 25/26 MP: 1/1
   916 | D:2      | Reached skill level 5 in Axes
  1000 | D:2      | Reached XP level 3. HP: 29/31 MP: 2/2
  1073 | D:2      | Reached ** piety under Trog
  1750 | D:3      | Reached skill level 6 in Axes
  1750 | D:3      | Reached XP level 4. HP: 39/39 MP: 3/3
  1798 | D:3      | Reached skill level 7 in Axes
  1798 | D:3      | Reached XP level 5. HP: 45/45 MP: 4/4
  2552 | D:3      | Reached skill level 8 in Axes
  2655 | D:4      | Reached XP level 6. HP: 51/51 MP: 5/5
  2729 | D:4      | Noticed Robin
  2745 | D:4      | Killed Robin
  2823 | D:4      | Reached skill level 9 in Axes
  3422 | D:4      | Noticed Sigmund
  3428 | D:4      | Killed Sigmund
  3428 | D:4      | Reached XP level 7. HP: 57/57 MP: 6/6
  3612 | D:4      | Reached skill level 10 in Axes
  3853 | D:5      | Entered Level 5 of the Dungeon
  3856 | D:5      | Noticed a two-headed ogre
  3867 | D:5      | Killed a two-headed ogre
  3867 | D:5      | Reached skill level 12 in Axes
  3867 | D:5      | Reached XP level 8. HP: 64/64 MP: 7/7
  4235 | D:5      | Noticed Ijyb
  4241 | D:5      | Killed Ijyb
  4284 | D:5      | Reached *** piety under Trog
  4377 | D:6      | Reached skill level 13 in Axes
  4590 | D:6      | Reached XP level 9. HP: 37/70 MP: 8/8
  4860 | D:6      | Reached skill level 14 in Axes
  4898 | D:6      | Found a staircase to the Ecumenical Temple.
  5114 | D:6      | Found Ehoeprui's Book Boutique.
  5852 | D:7      | Reached skill level 15 in Axes
  5933 | D:7      | Found Wynaez's Assorted Antiques.
  5941 | D:7      | Bought a scroll labeled NUIXEO PUGONY for 35 gold pieces
  5941 | D:7      | Bought a wooden wand for 140 gold pieces
  5993 | D:7      | Received a gift from Trog
  6483 | D:8      | Noticed a two-headed ogre
  6486 | D:8      | HP: 1/70 [two-headed ogre/giant spiked club (17)]
  6883 | D:8      | Killed a two-headed ogre
  6883 | D:8      | Reached skill level 16 in Axes
  6883 | D:8      | Reached XP level 10. HP: 77/77 MP: 9/9
  7054 | D:8      | Reached **** piety under Trog
  7586 | D:9      | Reached skill level 5 in Fighting
  7666 | D:9      | Noticed a two-headed ogre
  7678 | D:9      | Killed a two-headed ogre
  7678 | D:9      | Reached skill level 5 in Armour
  7883 | D:9      | Found a staircase to the Lair.
  7904 | Lair:1   | Entered Level 1 of the Lair of Beasts
  8151 | Lair:1   | Noticed a spiny frog
  8240 | Lair:1   | Noticed Nergalle
  8246 | Lair:1   | Killed Nergalle
  8469 | Lair:1   | Noticed a spiny frog
  8476 | Lair:1   | Killed a spiny frog
  8704 | Lair:1   | Noticed a spiny frog
  8713 | Lair:1   | Killed a spiny frog
  9306 | Lair:1   | Noticed a spiny frog
  9311 | Lair:1   | Killed a spiny frog
  9311 | Lair:1   | Reached XP level 11. HP: 95/95 MP: 10/10
  9408 | Lair:1   | Noticed a five-headed hydra
  9520 | D:9      | Found a stormy altar of Qazlal.
  9521 | D:9      | Found a radiant altar of Vehumet.
  9522 | D:9      | Found a sparkling altar of Nemelex Xobeh.
  9522 | D:9      | Found a glowing golden altar of the Shining One.
  9673 | D:9      | Noticed a two-headed ogre
  9684 | D:9      | Killed a two-headed ogre
 10062 | D:10     | Entered Level 10 of the Dungeon
 10276 | D:10     | Found a roughly hewn altar of Beogh.
 10290 | D:10     | Reached ***** piety under Trog
 10430 | D:10     | Found a shadowy altar of Dithmenos.
 10444 | D:10     | Reached skill level 10 in Fighting
 10455 | D:10     | Noticed a centaur warrior
 10460 | D:10     | Killed a centaur warrior
 10551 | D:10     | Reached skill level 10 in Armour
 10915 | D:10     | Noticed a two-headed ogre
 10922 | D:10     | Killed a two-headed ogre
 11351 | D:11     | Noticed a brown ugly thing
 11359 | D:11     | Killed a brown ugly thing
 11426 | Lair:1   | Killed a five-headed hydra
 11940 | Lair:2   | Noticed leafyfresh's ghost (journeyman MfTm)
 11957 | Lair:2   | Reached XP level 12. HP: 111/111 MP: 11/11
 11973 | Lair:2   | Slain by leafyfresh's ghost

Skill      XL: |  1  2  3  4  5  6  7  8  9 10 11 |
---------------+----------------------------------+-----
Axes           | 4 5 6 7 8 9 12 13 16 | 16.4
Fighting       | 8 11 | 11.7
Armour         | 8 11 | 11.4
Dodging        | |  2.1

Action                   |  1- 3 |  4- 6 |  7- 9 | 10-12 || total
-------------------------+-------+-------+-------+-------++-------
Melee: Hand axe          |    77 |    79 |    78 |       ||   234
       Headbutt          |    14 |    12 |    55 |    65 ||   146
       War axe           |       |       |   197 |   331 ||   528
Invok: Berserk           |       |     5 |     4 |     8 ||    17
       Trog's Hand       |       |     3 |     4 |     3 ||    10
       Brothers in Arms  |       |       |       |     3 ||     3
       Burn Spellbooks   |       |       |       |     1 ||     1
Evoke: Wand              |       |       |       |     2 ||     2
  Use: Scroll            |       |       |       |     1 ||     1
  Eat: Chunk             |     3 |     9 |    17 |    19 ||    48
       Ration            |       |       |       |     2 ||     2
Armor: Chain mail        |    25 |    23 |       |       ||    48
       Plate armour      |       |     3 |   132 |   142 ||   277
Dodge: Dodged            |    29 |    21 |    72 |    93 ||   215
